Map: Whitewater Line LE

Players

MattBarry

  • Race: Protoss Protoss
  • League: Gold
  • Spawn Location: 6:00

Alebay

  • Race: Protoss Protoss
  • Spawn Location: 7:00

MattBarry

  • Race: Zerg Zerg
  • League: Gold
  • Spawn Location: 7:00

QuiGonJinn

  • Race: Terran Terran
  • League: Diamond
  • Spawn Location: 1:00

PAULPHOENIX

  • Race: Protoss Protoss
  • League: Diamond
  • Spawn Location: 12:00

FJgg

  • Race: Zerg Zerg
  • Spawn Location: 1:00

VOD

Have the link to the VOD?

Description

Time

  • Played on: Jan. 20, 2023, 5:43 p.m.
  • Length: 6:43
Show
View Real Time Build Order
Export as new Build Order

MattBarry Protoss 

Build Orders:  

Get SALT Encoding   

  12  0:00  Probe  
  13  0:12  Probe  
  14  0:21  Pylon  
  14  0:25  Probe  
  15  0:39  Probe  
  16  0:43  Gateway  
  16  0:48  Assimilator  
  16  0:51  Probe  
  17  1:03  Probe  
  18  1:16  Probe  
  19  1:28  Probe  
  19  1:31  Cybernetics Core  
  20  1:40  Probe  
  21  1:53  Nexus  
  21  1:56  Pylon, Probe  
  22  2:07  Warp Gate  
  22  2:11  Probe  
  22  2:14  Adept  
  25  2:23  Probe  
  25  2:25  Pylon  
  26  2:33  Assimilator  
  26  2:35  Probe  
  27  2:45  Adept  
  27  2:48  Probe  
  30  2:57  Gateway x2  
  30  3:01  Probe  
  31  3:10  Probe  
  30  3:13  Probe  
  31  3:22  Stalker, Probe  
  31  3:25  Probe  
  35  3:34  Robotics Facility  
  35  3:35  Probe (Chrono Boost)  
  35  3:37  Probe (Chrono Boost)  
  37  3:47  Probe (Chrono Boost)  
  33  3:48  Probe (Chrono Boost)  
  33  4:07  Stalker x3  
  39  4:17  Probe x2  
  40  4:29  Probe x2  
  29  4:48  Probe x2  
  30  4:56  Stalker  
  30  4:57  Stalker x2  
  33  5:00  Probe x2  
  32  5:17  Probe  
  32  5:18  Probe  
  34  5:27  Pylon  
  34  5:30  Probe x2  
  34  5:34  Stalker  
  34  5:35  Stalker  
  36  5:50  Observer  
  30  6:20  Cybernetics Core  
Show
View Real Time Build Order
Export as new Build Order

Alebay Protoss 

Build Orders: 1 Gate Expand 

Get SALT Encoding   

  12  0:00  Probe  
  13  0:14  Probe  
  14  0:26  Pylon, Probe  
  15  0:44  Probe  
  15  0:46  Gateway  
  16  0:50  Assimilator  
  16  0:56  Probe  
  17  1:08  Probe  
  18  1:20  Probe  
  19  1:27  Nexus  
  20  1:32  Probe  
  20  1:38  Cybernetics Core  
  20  1:45  Probe  
  21  1:48  Assimilator  
  21  1:57  Probe  
  21  2:01  Pylon  
  22  2:09  Probe  
  22  2:13  Warp Gate (Chrono Boost)  
  23  2:16  Stalker (Chrono Boost)  
  25  2:23  Probe  
  26  2:30  Gateway  
  26  2:36  Probe  
  27  2:39  Probe  
  28  2:44  Stalker  
  30  2:55  Shield Battery  
  30  2:57  Probe x2  
  32  3:07  Pylon  
  32  3:09  Probe x2  
  34  3:18  Forge  
  34  3:21  Probe x2  
  36  3:33  Probe x2  
  38  3:44  Gateway  
  38  3:45  Gateway  
  38  3:49  Pylon  
  38  3:56  Stalker x2  
  42  4:13  Probe x2  
  44  4:20  Stalker  
  44  4:21  Stalker  
  48  4:40  Probe x2  
  50  4:51  Assimilator  
  50  4:55  Photon Cannon, Assimilator  
  50  4:57  Pylon  
  50  5:07  Twilight Council  
  40  6:06  Zealot x3  
  42  6:31  Cybernetics Core  
  42  6:34  Zealot x3  
Show
View Real Time Build Order
Export as new Build Order

MattBarry Zerg 

Build Orders: Hatch First 

Get SALT Encoding   

  12  0:01  Drone  
  13  0:12  Drone  
  14  0:20  Extractor  
  13  0:23  Drone  
  13  0:26  Overlord  
  15  0:47  Hatchery  
  14  0:52  Drone  
  15  1:06  Spawning Pool  
  15  1:09  Drone  
  15  1:12  Extractor  
  15  1:18  Drone  
  15  1:19  Drone  
  16  1:35  Drone  
  16  1:36  Drone  
  18  1:52  Queen  
  20  1:56  Drone  
  21  2:05  Drone  
  22  2:12  Metabolic Boost  
  22  2:20  Drone, Overlord  
  23  2:23  Zergling x6  
  23  2:27  Queen  
  28  2:38  Overlord  
  28  2:52  Evolution Chamber, Drone  
  28  2:55  Queen  
  30  3:06  Drone x5  
  35  3:23  Drone  
  35  3:24  Overlord  
  36  3:28  Zerg Melee Weapons Level 1  
  36  3:42  Zergling x2  
  34  4:11  Zergling x2  
  34  4:12  Zergling x12  
  34  4:16  Drone x3  
  43  4:19  Spore Crawler  
  43  4:21  Spore Crawler  
  43  4:23  Spore Crawler  
  38  4:32  Spore Crawler  
  37  4:46  Overlord  
  37  4:58  Queen  
  32  5:08  Spore Crawler  
  32  5:09  Zergling x2  
  32  5:10  Zergling x16  
  40  5:19  Lair  
  40  5:34  Queen  
  40  5:47  Zergling x2  
  40  5:48  Zergling x8  
  40  5:49  Zergling x6  
  41  6:01  Drone x3  
  41  6:02  Roach Warren  
  35  6:19  Zergling x2  
  35  6:20  Zergling x6  
Show
View Real Time Build Order
Export as new Build Order

QuiGonJinn Terran 

Build Orders:  

Get SALT Encoding   

  12  0:05  SCV  
  13  0:19  Supply Depot  
  13  0:20  SCV  
  14  0:32  SCV  
  15  0:44  Barracks, SCV  
  16  0:56  SCV  
  17  1:08  SCV  
  18  1:20  SCV  
  19  1:30  Marine  
  21  1:37  Orbital Command  
  20  1:40  Command Center  
  20  1:51  Barracks  
  20  2:01  Supply Depot  
  20  2:04  SCV, Refinery  
  21  2:10  Refinery  
  21  2:17  SCV  
  22  2:23  Marine  
  22  2:29  SCV  
  24  2:41  Barracks Tech Lab, SCV  
  25  2:52  Barracks Reactor  
  25  2:53  SCV  
  25  2:54  Orbital Command  
  26  3:05  SCV  
  26  3:15  Marine  
  26  3:17  SCV  
  28  3:20  Factory  
  28  3:25  SCV  
  29  3:27  Stimpack  
  29  3:29  SCV  
  29  3:32  Marine  
  29  3:33  Marine  
  32  3:35  Marine  
  32  3:37  SCV  
  34  3:41  SCV  
  35  3:49  Supply Depot, Marine, SCV  
  35  3:50  Marine  
  35  3:53  Marine, SCV  
  40  4:02  SCV  
  41  4:05  SCV  
  41  4:07  Marine  
  41  4:08  Marine  
  44  4:10  Marine  
  44  4:14  SCV  
  46  4:18  SCV, Factory Tech Lab  
  46  4:22  Supply Depot, Starport  
  47  4:25  Marine  
  47  4:26  SCV  
  47  4:28  Engineering Bay  
  47  4:30  SCV  
  50  4:33  Marine  
  50  4:36  Marine  
  50  4:38  SCV  
  53  4:43  Marine  
  53  4:44  SCV  
  53  4:45  Siege Tank  
  58  4:50  Supply Depot, SCV  
  58  4:51  Marine  
  60  4:54  Marine  
  60  4:58  Barracks x2  
  61  5:01  Marine  
  61  5:02  Barracks  
  62  5:08  Starport Reactor  
  62  5:11  Supply Depot  
  62  5:12  Marine, SCV x2  
  65  5:25  Marine  
  65  5:26  Marine  
  67  5:29  Marine, Siege Tank  
  70  5:37  Supply Depot  
  70  5:43  Marine x2  
  70  5:47  Marine  
  69  5:52  Marine  
  64  5:57  Marine  
  64  5:58  Marine  
  64  6:01  Marine x2  
  66  6:05  Marine  
  66  6:06  Medivac x2  
  66  6:10  Marine  
  66  6:13  Engineering Bay  
  66  6:15  Marine x2, SCV  
  66  6:18  Armory  
  66  6:19  Marine, Refinery  
  66  6:20  Refinery  
Show
View Real Time Build Order
Export as new Build Order

PAULPHOENIX Protoss 

Build Orders: Oracle Opening 

Get SALT Encoding   

  12  0:00  Probe  
  13  0:12  Probe  
  14  0:18  Pylon  
  14  0:24  Probe  
  15  0:37  Probe (Chrono Boost)  
  15  0:39  Gateway  
  16  0:48  Probe (Chrono Boost)  
  17  0:50  Assimilator  
  17  0:53  Probe (Chrono Boost)  
  18  0:58  Assimilator  
  18  1:03  Probe  
  19  1:16  Probe  
  20  1:27  Cybernetics Core  
  20  1:28  Probe  
  21  1:32  Pylon  
  21  1:40  Probe  
  21  1:41  Pylon  
  22  1:52  Probe  
  23  2:04  Stalker  
  23  2:06  Stargate  
  25  2:09  Probe  
  26  2:30  Pylon  
  26  2:31  Warp Gate  
  26  2:47  Oracle (Chrono Boost)  
  29  3:07  Adept  
  31  3:13  Nexus  
  31  3:14  Oracle (Chrono Boost)  
  31  3:15  Pylon  
  34  3:28  Shield Battery  
  34  3:31  Pylon  
  34  3:37  Shield Battery  
  34  3:39  Probe  
  39  4:07  Void Ray (Chrono Boost)  
  36  4:20  Gateway  
  36  4:29  Probe  
  37  4:41  Probe  
  37  4:44  Pylon  
  38  4:53  Probe x2  
  40  5:07  Void Ray (Chrono Boost)  
  44  5:20  Shield Battery  
  44  5:27  Pylon  
  44  5:35  Zealot  
  44  5:36  Probe x2  
  44  5:38  Assimilator  
  44  5:42  Assimilator  
  48  5:52  Nexus  
  48  5:53  Probe  
  48  5:55  Pylon  
  48  5:56  Probe  
  54  5:59  Void Ray (Chrono Boost)  
  52  6:05  Probe  
  53  6:17  Probe x2  
  55  6:29  Probe x2  
  61  6:39  Forge  
  61  6:41  Gateway  
Show
View Real Time Build Order
Export as new Build Order

FJgg Zerg 

Build Orders: Hatch First, Zergling Baneling 

Get SALT Encoding   

  12  0:00  Drone  
  13  0:09  Drone  
  14  0:18  Overlord  
  14  0:46  Hatchery  
  14  0:48  Drone  
  14  0:53  Drone  
  15  1:09  Spawning Pool  
  15  1:11  Drone  
  15  1:17  Extractor  
  14  1:18  Drone  
  14  1:22  Drone  
  17  1:25  Drone  
  17  1:33  Drone  
  18  1:44  Drone  
  19  1:57  Zergling x2  
  20  2:05  Zergling x2  
  20  2:06  Zergling x2  
  22  2:09  Queen  
  22  2:11  Overlord  
  24  2:18  Metabolic Boost  
  24  2:20  Zergling x2  
  24  2:21  Zergling x2  
  26  2:31  Zergling x4  
  28  2:41  Baneling Nest, Drone  
  28  2:43  Zergling x2  
  29  2:50  Zergling x2  
  30  2:54  Zergling x2  
  31  3:00  Zergling x2  
  31  3:15  Zergling x6  
  31  3:18  Overlord  
  34  3:20  Zergling x4  
  36  3:40  Baneling x4  
  36  3:41  Baneling x2  
  35  3:43  Zergling x8  
  35  3:46  Baneling  
  39  3:50  Overlord  
  39  3:51  Drone  
  39  3:55  Drone x2  
  37  4:22  Zergling x6  
  37  4:23  Zergling x6  
  37  4:35  Zergling x4  
  37  4:36  Zergling x4  
  34  4:48  Drone x2  
  36  4:54  Baneling x2  
  36  4:55  Baneling x3  
  36  4:56  Zergling x2  
  37  5:11  Zergling x2  
  37  5:12  Zergling x4  
  34  5:38  Zergling x4  
  34  5:39  Zergling x10  
  36  5:51  Baneling x4  
  36  5:52  Drone  
  36  5:53  Drone  
  36  5:54  Queen  
  40  6:10  Hatchery  
  37  6:22  Zergling x12  
Tags
 
Add a new tag
Caveats
  • Supply blocks, unpowered buildings, or Contaminate may cause inaccurate times.
  • Supply counts are checked every 10 seconds.